cohdb
Replays
Latest Replays
All Replays
Popular Replays
Top Player Replays
Match Explorer
How It Works
Community
CoH3 Stats
Reddit
Sign in to upload your games and track your stats! →
Sign in with Steam
Match 42357548
Unlisted
Match 42357548
Overview
Messages
Build Orders
End
Kettenkrad Recon Vehicle
Construct Infanterie Kompanie
Selects Italian Coastal Battlegroup
Selects Italian Coastal Battlegroup
Selects Coastal Reserves
MG 42 Machine Gun Team
Coastal Reserve
Coastal Reserve
Construct Luftwaffe Kompanie
GrW 34 Mortar Team
Jäger Squad
Selects Designate Defensive Line
Selects Designated Artillery Overwatch
Selects Artillery Officer
Designated Artillery Overwatch
Jäger Squad
Medical Bunker
Artillery Officer
Luftwaffe Officer Quarters
log
Rensesus
Turtleboy
Twankies
Saevo
♤☠ ҉ 新♌颖 ҉ ☠✠
T-800SEP
HONGHA
0
0
Comments
sign in to comment!
No comments posted yet!